 Dungeon Crawl Stone Soup version 0.21.1-72-gffa868e (webtiles) character file.

1122 Madoushi the Skirmisher (level 8, -2/73 HPs)
             Began as a Minotaur Berserker on Aug 3, 2018.
             Was a Priest of Trog.
             Slain by an orc warrior
             ... wielding a +0 long sword
              (8 damage)
             ... on level 5 of the Dungeon.
             The game lasted 00:18:35 (5916 turns).

Madoushi the Skirmisher (Minotaur Berserker)        Turns: 5916, Time: 00:18:35

Health: -2/73      AC: 30    Str: 25    XL:     8   Next: 12%
Magic:  7/7        EV: 10    Int:  4    God:    Trog [***...]
Gold:   275        SH:  0    Dex:  9    Spells: 7/7 levels left

rFire    . . .     SeeInvis +   A - +1 mace (protect)
rCold    . . .     Gourm    .   (no shield)
rNeg     . . .     Faith    .   y - +11 chain mail of Limited Liability {*Contam rElec SInv}
rPois    .         Spirit   .   (helmet restricted)
rElec    +         Reflect  .   (no cloak)
rCorr    +         Harm     .   i - +0 pair of gloves
MR       .....                  f - +0 pair of boots
Stlth    ..........             (no amulet)
HPRegen  0.22/turn              B - ring of resist corrosion
MPRegen  0.10/turn              (no ring)

@: protection aura
A: retaliatory headbutt, horns 2
a: Berserk, Trog's Hand, Burn Spellbooks, Renounce Religion


You were on level 5 of the Dungeon.
You worshipped Trog.
Trog was most pleased with you.
You were not hungry.

You visited 1 branch of the dungeon, and saw 6 of its levels.
You also visited: Sewer.

You collected 275 gold pieces.

Inventory:

Hand Weapons
 a - a +1 hand axe
 e - a +0 mace
 m - a +3 falchion of slicing
 n - a +0 scythe
 A - a +1 mace of protection (weapon)
 C - a +0 rapier of flaming
Armour
 b - a +0 animal skin
 f - a +0 pair of boots (worn)
 i - a +0 pair of gloves (worn)
 l - a +1 leather armour
 q - a cursed +0 ring mail
 t - a +0 chain mail
 y - the +11 chain mail of Limited Liability (worn) {*Contam rElec SInv}
   (You found it on level 5 of the Dungeon)

   It insulates you from electricity.
   It lets you see invisible.
   It causes magical contamination when unequipped.
Jewellery
 B - a ring of resist corrosion (left hand)
Scrolls
 g - 6 scrolls of remove curse
 o - a scroll of enchant armour
 p - 3 scrolls of identify
 v - 3 scrolls of teleportation
Potions
 d - 3 potions of magic
 h - a potion of cancellation {unknown}
 k - 3 potions of berserk rage {unknown}
 r - a potion of degeneration {unknown}
 s - 2 potions of heal wounds {unknown}
 w - 2 potions of flight {unknown}
 x - a potion of brilliance {unknown}
 z - a potion of ambrosia {unknown}
Comestibles
 c - 5 rations


   Skills:
 * Level 7.5 Fighting
 - Level 7.4(7.5) Axes
 * Level 1.1(4.7) Maces & Flails
 + Level 5.2 Armour
 + Level 4.8 Dodging


You had 7 spell levels left.
You didn't know any spells.

Dungeon Overview and Level Annotations

Branches:
Dungeon (6/15)             Temple (0/1) D:5

Altars:
Ashenzari
Fedhas
Qazlal
Vehumet


Innate Abilities, Weirdness & Mutations

You reflexively headbutt those who attack you in melee.
You have a pair of horns on your head.


Message History

You hit the orc warrior but do no damage.
The orc warrior is heavily wounded.
The orc warrior closely misses you. You furiously retaliate!
You headbutt the orc warrior, but do no damage.
You hit the orc warrior.
The orc warrior is heavily wounded.
The orc warrior hits you but does no damage.
You hit the orc warrior. Your headbutt misses the orc warrior.
The orc warrior is severely wounded.
The orc warrior hits you with a long sword.
* * * LOW HITPOINT WARNING * * *
You hit the orc warrior.
You headbutt the orc warrior, but do no damage.
The orc warrior is almost dead.
The orc warrior hits you but does no damage.
You hit the orc warrior but do no damage.
Your headbutt misses the orc warrior.
The orc warrior is almost dead.
The orc warrior hits you with a long sword!
You die...

###########
#.......).#
#.........#
#.........###########
#....................
#...o................
#...@........###.###.
#..........#.# #.# #.
#..........#.# #.###.
#.........##.# #.#...
#............###.#.##
########.........#.##
#..########..# #..#
#..... #..### #.....


You could see an orc warrior.

Vanquished Creatures
  Sigmund (D:2)
  An ogre (D:6)
  The ghost of dscm the Grave Robber, an amateur DsNe (D:4)
  2 big kobolds (Sewer)
  3 scorpions
  2 crimson imps (D:5)
  A jelly (D:6)
  A quasit (D:6)
  An orc priest (D:5)
  2 iguanas (D:4)
  An orc wizard (D:4)
  A worker ant (D:4)
  A worker ant zombie (D:5)
  13 adders
  A river rat (Sewer)
  A shadow imp (D:5)
  3 oozes (Sewer)
  An adder zombie (D:6)
  An adder skeleton (D:6)
  2 worms
  4 dart slugs
  3 leopard geckos
  10 orcs
  4 ball pythons
  5 bats
  6 giant cockroaches
  6 goblins
  8 hobgoblins
  7 jackals
  4 frilled lizards
  A jackal skeleton (D:5)
  9 kobolds
  7 rats
  A bush (D:6)
  A fungus (D:6)
  2 plants (D:6)
118 creatures vanquished.

Notes
Turn   | Place    | Note
-------+----------+-------------------------------------------
     0 | D:1      | Madoushi the Minotaur Berserker began the quest for the Orb.
     0 | D:1      | Reached XP level 1. HP: 19/19 MP: 0/0
   266 | D:1      | Reached XP level 2. HP: 9/27 MP: 1/1
  1208 | D:2      | Reached XP level 3. HP: 31/33 MP: 2/2
  1289 | D:2      | Noticed Sigmund
  1297 | D:2      | Killed Sigmund
  1297 | D:2      | Reached skill level 5 in Fighting
  1297 | D:2      | Reached skill level 5 in Axes
  1297 | D:2      | Reached XP level 4. HP: 25/42 MP: 3/3
  1297 | D:2      | Reached XP level 5. HP: 29/48 MP: 4/4
  1865 | D:2      | Found a faded altar of an unknown god.
  2029 | D:2      | Found a radiant altar of Vehumet.
  2213 | D:3      | Reached ** piety under Trog
  2912 | D:4      | Reached XP level 6. HP: 21/56 MP: 5/5
  3097 | D:4      | Found a glowing drain.
  3100 | D:4      | Noticed dscm's ghost (amateur DsNe)
  3124 | D:4      | Killed dscm's ghost
  3149 | Sewer    | Entered a sewer
  3711 | Sewer    | Reached *** piety under Trog
  3722 | Sewer    | Reached XP level 7. HP: 59/63 MP: 6/6
  4234 | D:5      | Entered Level 5 of the Dungeon
  4273 | D:5      | Found a shattered altar of Ashenzari.
  4394 | D:5      | Got a faintly humming chain mail
  4403 | D:5      | Identified the +11 chain mail of Limited Liability {*Contam rElec SInv} (You found it on level 5 of the Dungeon)
  4694 | D:5      | Found a staircase to the Ecumenical Temple.
  4955 | D:5      | Reached skill level 5 in Armour
  5153 | D:6      | Reached XP level 8. HP: 64/73 MP: 7/7
  5174 | D:6      | Found a stormy altar of Qazlal.
  5185 | D:6      | Found a blossoming altar of Fedhas.
  5345 | D:6      | Reached skill level 1 in Maces & Flails
  5826 | D:6      | HP: 3/73 [orc priest/divine providence (17)]
  5861 | D:6      | HP: 3/73 [orc warrior/tomahawk (8)]
  5905 | D:6      | HP: 2/73 [orc warrior/long sword (15)]
  5916 | D:5      | Slain by an orc warrior

Skill      XL: |  1  2  3  4  5  6  7  8 |
---------------+-------------------------+-----
Fighting       | 4 5 6 7 |  7.5
Axes           | 4 5 6 7 |  7.4
Armour         | 3 4 5 |  5.2
Dodging        | 3 4 |  4.8
Maces & Flails | 1 |  1.1

Action                   |  1- 3 |  4- 6 |  7- 9 || total
-------------------------+-------+-------+-------++-------
Melee: Hand axe          |    57 |   183 |    87 ||   327
       Headbutt          |    10 |    18 |    60 ||    88
       Mace              |       |       |   101 ||   101
Invok: Trog's Hand       |       |     1 |       ||     1
  Use: Scroll            |     2 |     6 |     4 ||    12
       Potion            |       |     3 |     3 ||     6
  Eat: Chunk             |     1 |     7 |     2 ||    10
       Ration            |       |       |     2 ||     2
Armor: Animal skin       |     8 |       |       ||     8
       Leather armour    |     3 |    59 |     6 ||    68
       Chain mail        |       |       |    68 ||    68
Dodge: Dodged            |    42 |   127 |    61 ||   230
